 Dungeon Crawl Stone Soup version 0.30-a0-799-g109b55a442 (webtiles) character file.

Game seed: 8238510966654383336

76 hikkokomori the Digger (level 4, 0/25 HPs)
             Began as a Gargoyle Earth Elementalist on Feb 20, 2023.
             Slain by a goblin
             ... wielding a +0 club
             ... led by Robin
              (2 damage)
             ... on level 2 of the Dungeon.
             The game lasted 00:02:45 (1193 turns).

hikkokomori the Digger (GrEE)                       Turns: 1193, Time: 00:02:45

Health: 0/25       AC:  6    Str: 11    XL:     4   Next: 32%
Magic:  2/7        EV: 11    Int: 18    God:
Gold:   75         SH:  0    Dex: 10    Spells: 3/7 levels left

rFire   . . .      SeeInvis .    i - +0 rapier
rCold   . . .      Faith    .    (no shield)
rNeg    + . .      Spirit   .    a - +0 robe
rPois   ∞          Reflect  .    (no helmet)
rElec   +          Harm     .    (no cloak)
rCorr   .          Rampage  .    (no gloves)
Will    .....                    l - +0 pair of boots
Stlth   ++                       (no amulet)
HPRegen 0.24/turn                g - ring of wizardry
MPRegen 0.10/turn                (no ring)

@: no status effects
A: sickness immunity, AC +3, negative energy resistance 1, electricity
resistance, torment resistance 1, petrification resistance
a: no special abilities


You were on level 2 of the Dungeon.
You visited 1 branch of the dungeon, and saw 2 of its levels.

You collected 75 gold pieces.

Inventory:

Hand Weapons
 c - a +0 dagger
 i - a +0 rapier (weapon)
Armour
 a - a +0 robe (worn)
 l - a +0 pair of boots (worn)
Jewellery
 g - a ring of wizardry (left hand)
Wands
 o - a wand of paralysis (8)
Scrolls
 d - a scroll of acquirement {unknown}
 n - a scroll of fog {unknown}
Potions
 b - a potion of magic
 e - 3 potions of curing
 f - a potion of ambrosia {unknown}
 h - 2 potions of haste {unknown}
 k - a potion of brilliance {unknown}
 m - a potion of berserk rage {unknown}


   Skills:
 - Level 1.4 Fighting
 - Level 1.5 Dodging
 + Level 3.5 Stealth
 - Level 2.0 Spellcasting
 + Level 1.3 Conjurations
 - Level 0.7 Transmutations
 + Level 4.6 Earth Magic


You had 3 spell levels left.
You knew the following spells:

 Your Spells              Type           Power      Damage    Failure   Level
a - Sandblast             Erth           36%        2d10      1%          1
b - Stone Arrow           Conj/Erth      24%        3d8       6%          3

Your spell library contained the following spells:

 Spells                   Type           Power      Damage    Failure   Level
 Passwall                 Tmut/Erth      9%         N/A       3%          2
 Petrify                  Tmut/Erth      11%        N/A       24%         4


Dungeon Overview and Level Annotations

Branches:
Dungeon (2/15)

Altars:

Annotations:
D:2 Robin


Innate Abilities, Weirdness & Mutations

You are immune to sickness and miasma.
Your stone body is resilient. (AC +3)
You are immune to poison.
You resist negative energy. (rN+)
You are resistant to electric shocks. (rElec)
You are resistant to unholy torment.
You are immune to petrification.


Message History

Aim: a goblin, wielding a +0 dagger (77% to hit)
The blast of sand hits the goblin!
You kill the goblin!
The goblin hits you but does no damage.
Casting: Sandblast (safe; 1% risk of failure)
Confirm with . or Enter, or press ? or * to list all spells.
Aiming: Sandblast (safe; 1% risk of failure)
Press: ? - help, Shift-Dir - straight line, f - goblin
Aim: a goblin, wielding a +0 dagger (77% to hit)
The blast of sand misses the goblin.
The goblin hits you with a +0 dagger. x2
Casting: Sandblast (safe; 1% risk of failure)
Confirm with . or Enter, or press ? or * to list all spells.
Aiming: Sandblast (safe; 1% risk of failure)
Press: ? - help, Shift-Dir - straight line, f/p - goblin
Aim: a goblin, wielding a +0 dagger (77% to hit)
The blast of sand hits the goblin!
You kill the goblin!
Robin throws the goblin at you! The hobgoblin barely misses you.
Casting: Sandblast (safe; 1% risk of failure)
Confirm with . or Enter, or press ? or * to list all spells.
Aiming: Sandblast (safe; 1% risk of failure)
Press: ? - help, Shift-Dir - straight line, f - hobgoblin
Aim: a hobgoblin (82% to hit)
The blast of sand hits the hobgoblin but does no damage.
The goblin hits you with a +0 club. The hobgoblin hits you.
* * * LOW HITPOINT WARNING * * *
The quokka bites you but does no damage.
The hobgoblin completely misses you. The goblin barely misses you.
The goblin hits you with a +0 club.
* * * LOW HITPOINT WARNING * * *
The quokka bites you but does no damage.
The goblin barely misses you. The quokka attacks as you move away!
The quokka misses you.
As you read the scroll labelled VIGHOMUTEL, it crumbles to dust.
It is a scroll of identify.
e - 3 potions of curing The quokka bites you.
* * * LOW HITPOINT WARNING * * *
The goblin hits you with a +0 club.
You die...

##.).#.#.#.#.#.#..###
###).#.....#.#.........
#gg.##.#.........#.###.
#g###.....##.##.....###
#r.#..)###.#...#.###...#
#r.##.#.#...........#.#..
#.# #.gg###.#...#.###....
#g ###gr...##.##........
.. ##@#.....)...#..<.. ..
#.....#.#......... ...
..#..#.#)#.#.......
##......###.........
#####..............
#......#..#.##.###
...####......##.# #
###.#####.# ##...# #.#


You could see Robin, a quokka, a hobgoblin and a goblin.

Vanquished Creatures
  2 adders (D:2)
  An orc (D:2)
  4 ball pythons
  3 bats (D:1)
  6 endoplasms
  A giant cockroach (D:1)
  8 goblins
  4 hobgoblins
  4 jackals (D:1)
  8 kobolds
  3 quokkas
  3 frilled lizards
  4 rats
51 creatures vanquished.

Vanquished Creatures (others)
  A plant (D:1)
1 creature vanquished.

Grand Total: 52 creatures vanquished

Notes
Turn   | Place    | Note
-------+----------+-------------------------------------------
     0 | D:1      | hikkokomori the Gargoyle Earth Elementalist began the quest
                  | for the Orb.
     0 | D:1      | Reached XP level 1. HP: 10/10 MP: 3/3
    69 | D:1      | Reached XP level 2. HP: 10/16 MP: 1/5
   129 | D:1      | Reached skill level 1 in Fighting
   134 | D:1      | Reached skill level 4 in Earth Magic
   378 | D:1      | Found a faded altar of an unknown god.
   380 | D:1      | Reached XP level 3. HP: 20/20 MP: 4/6
   385 | D:1      | Learned a level 3 spell: Stone Arrow
   925 | D:2      | Reached skill level 1 in Conjurations
   952 | D:2      | Reached XP level 4. HP: 24/25 MP: 2/7
  1168 | D:2      | Noticed Robin
  1193 | D:2      | Slain by a goblin

Illustrated notes

Levels and vault maps discovered:
D:1:      amcnicky_arrival_choice, layout_rooms,
          shapermc_ecumenical_altar_starsandcircs, serial_forest,
          infiniplex_forest_side_room, infiniplex_forest_lined_4_way,
          infiniplex_forest_clump_C, infiniplex_forest_clump_large,
          infiniplex_forest_lined_2, infiniplex_forest_lined_room_2,
          infiniplex_forest_lined_2
D:2:      layout_rooms, minmay_fractal_squares_5, uniq_robin

Skill      XL: |  1  2  3 |
---------------+----------+-----
Fighting       | 1 |  1.4
Earth Magic    | 4 |  4.6
Stealth        | 3 |  3.5
Conjurations   | 1 |  1.3
Dodging        | |  1.5
Spellcasting   | |  2.0
Transmutations | |  0.7

Action                     |  1- 3 |  4- 6 || total
---------------------------+-------+-------++-------
  Melee: Unarmed           |    26 |       ||    26
         Dagger            |    25 |       ||    25
         Rapier            |       |    23 ||    23
   Cast: Sandblast         |    47 |    14 ||    61
    Use: Scroll            |       |     1 ||     1
 Armour: Robe              |    21 |    24 ||    45
  Dodge: Dodged            |    31 |    34 ||    65

Table legend: (Time is in decaauts)
 A = Elapsed time spent in this place.
 B = Non-inter-level travel time spent in this place.
 C = Inter-level travel time spent in this place.
 D = Time resting spent in this place.
 E = Time spent auto-exploring this place.
 F = Levels seen in this place.
 G = Mean time per level.
                   A        B        C        D        E       F      G
               +--------+--------+--------+--------+--------+-----+--------+
         Total |   1226 |   1198 |     28 |      3 |    869 |   2 |  613.0 |
       Dungeon |   1226 |   1198 |     28 |      3 |    869 |   2 |  613.0 |
               +--------+--------+--------+--------+--------+-----+--------+

Top non-repeatable levels by time:
     D:1: 853 daAuts
     D:2: 372 daAuts
